 Dungeon Crawl Stone Soup version 0.18-a0-990-g74cdb39 (webtiles) character file.

142 M4edhros the Sneak (level 5, 0/33 HPs)
             Began as an Octopode Artificer on Jan 4, 2016.
             Killed by divine providence
             ... invoked by an orc priest
              (11 damage)
             ... on level 4 of the Dungeon.
             The game lasted 00:03:18 (1220 turns).

M4edhros the Sneak (Octopode Artificer)             Turns: 1220, Time: 00:03:18

Health: 0/33       AC:  1    Str: 10    XL:     5   Next: 25%
Magic:  8/8        EV: 13    Int: 16    God:    Xom [*.....]
Gold:   50         SH:  0    Dex: 12    Spells: 0 memorised, 4 levels left

rFire  . . .     SeeInvis .     j - +8 hunting sling of Inquiry {venom, rC++}
rCold  + + .     Gourm    +     (no shield)
rNeg   . . .     Faith    .     (helmet restricted)
rPois  .         Spirit   .     l - amulet of the gourmand
rElec  .         Dismiss  .     (no ring)
rCorr  .         Reflect  .     (no ring)
SustAt .         Harm     .     (no ring)
MR     .....                    (no ring)
Stlth  ++++......               (no ring)
                                (no ring)
                                (no ring)
                                (no ring)

@: not resistant to hostile enchantments, stealthy
A: almost no armour, amphibious, 8 rings, constrict 8, camouflage 1, gelatinous
body 1
a: Renounce Religion


You were on level 4 of the Dungeon.
You worshipped Xom.
You were a special plaything of Xom.
You were not hungry.

You visited 1 branch of the dungeon, and saw 4 of its levels.

You collected 50 gold pieces.

Inventory:

Hand Weapons
 a - a +0 short sword
 j - the +8 hunting sling of Inquiry (weapon) {venom, rC++}
   (You found it on level 4 of the Dungeon)

   It poisons the ammo it fires.
   It greatly protects you from cold.
 k - a +0 vampiric whip
 s - a +1 hunting sling
Missiles
 i - 33 sling bullets
 n - 47 stones (quivered)
Jewellery
 l - an amulet of the gourmand (around mantle)
Wands
 b - a wand of flame (15/48)
 c - a wand of enslavement (7/24)
 d - a wand of random effects (24/48)
Scrolls
 e - a scroll of recharging
 h - 5 scrolls of identify {unknown}
Potions
 g - a potion of might {unknown}
 o - 2 potions of ambrosia {unknown}
 p - a potion of curing {unknown}
 w - a potion of heal wounds {unknown}
Books
 r - a book of Spatial Translocations

   Spells                             Type                      Level
   a - Apportation                    Translocation                1
   b - Blink                          Translocation                2
   c - Shroud of Golubria             Charms/Translocation         2
   d - Portal Projectile              Translocation                3
   e - Teleport Other                 Translocation                3
   f - Passage of Golubria            Translocation                4
Comestibles
 f - a bread ration
 t - 2 meat rations


   Skills:
 - Level 1.0 Fighting
 - Level 1.0 Short Blades
 * Level 1.2 Slings
 * Level 3.6 Dodging
 * Level 4.1 Stealth
 + Level 4.0 Evocations


You had 4 spell levels left.
You didn't know any spells.

Dungeon Overview and Level Annotations

Branches:
Dungeon (4/15)
 Temple: D:4-7

Altars:
Xom


Innate Abilities, Weirdness & Mutations

You cannot wear most types of armour.
You are amphibious.
You can wear up to eight rings at the same time.
You can use your tentacles to constrict eight enemies at once.
Your skin changes colour to match your surroundings (Stealth).
Your rubbery body absorbs attacks (AC +1).


Message History

t - Shout!
Orders for allies: a - Attack new target. p - Attack previous target. r - Retreat! s - Stop attacking. w - Wait here. f - Follow me.
Anything else - Stay silent.
Gang up on whom?
Press: ? - help, Dir - move target cursor, f - orc priest, p - orc priest
Aim: an orc priest Attack!
The orc priest hits your orc priest but does no damage.
Firing (i - inventory. (,) - cycle):
n - 47 stones (quivered)
Press: ? - help, Shift-Dir - straight line, f/p - orc priest
Aim: an orc priest
Okay, then.
You hear the rusting of a distant drain.
Your orc priest completely misses the orc priest.
The orc priest mumbles some strange prayers to Beogh against you.
Something smites you!
You die... "Boring in life, boring in death..."

.D..#...#
#.##...#######
....(...#
#.#............
.....#..#
#..............
...###..#
#..............
....##.##
#..............
....##.#
#.....>........
((..#...
#.........oo...
#######.
#.......o=.....
.
#.#...@o$......
## ###
#........##....
.# ..##
#.<####### ###
.###...####..
....#........
.##.#.......
..#.#.......
#.#.........
............


You could see an orc priest, 2 orcs and a friendly orc priest.

Vanquished Creatures
  A hound (D:4)
  2 centaur skeletons (D:4)
  An adder (D:3)
  An ooze (D:1)
  A giant gecko (D:1)
  3 orcs (D:4)
  2 ball pythons (D:1)
  4 bats
  7 goblins
  3 hobgoblins
  4 kobolds
  5 giant newts
  2 rats
36 creatures vanquished.

Vanquished Creatures (collateral kills)
  An orc wizard (D:4)
  A giant cockroach (D:4)
2 creatures vanquished.

Vanquished Creatures (others)
  A giant cockroach (D:4)
1 creature vanquished.

Grand Total: 39 creatures vanquished

Notes
Turn   | Place    | Note
--------------------------------------------------------------
     0 | D:1      | M4edhros the Octopode Artificer began the quest for the Orb.
     0 | D:1      | Reached XP level 1. HP: 13/13 MP: 3/3
   172 | D:1      | Reached XP level 2. HP: 16/18 MP: 4/4
   483 | D:2      | Found a shimmering altar of Xom.
   498 | D:2      | Became a worshipper of Xom of Chaos
   517 | D:2      | Reached XP level 3. HP: 17/23 MP: 5/5
   902 | D:3      | XOM: divination: detect creatures
   935 | D:4      | XOM: potion effect (might)
   936 | D:4      | XOM: butterfly on damage
   996 | D:4      | Reached XP level 4. HP: 4/28 MP: 6/6
  1026 | D:4      | Got a shimmering hunting sling
  1027 | D:4      | Identified the +8 hunting sling of Inquiry {venom, rC++} (You found it on level 4 of the Dungeon)
  1137 | D:4      | Reached skill level 1 in Slings
  1137 | D:4      | Reached skill level 4 in Stealth
  1186 | D:4      | Reached XP level 5. HP: 22/33 MP: 6/8
  1188 | D:4      | Noticed a steam dragon
  1188 | D:4      | a worker ant changed into a steam dragon
  1188 | D:4      | XOM: polymorph worker ant -> steam dragon
  1220 | D:4      | Killed from afar by an orc priest

Vault maps used:
D:1:      wheals_arrival_shading
D:2:      lemuel_crystal_altar
D:3:      nicolae_overflow_crystal_walls, uniq_robin
D:4:      lemuel_temple_firewalk_marked, portal_sewer_entry_d,
          grunt_ministairs_8

Action                   |  1- 3 |  4- 6 || total
-------------------------+-------+-------++-------
Melee: Short sword       |    53 |       ||    53
 Fire: Hunting sling     |     7 |    13 ||    20
Evoke: Wand              |     9 |     3 ||    12
  Use: Scroll            |     7 |       ||     7
 Stab: Sleeping          |     5 |       ||     5
  Eat: Chunk             |     2 |       ||     2
